 Dungeon Crawl Stone Soup version 0.31-a0-188-g5e087ee2ca (webtiles) character file.

Game seed: 61092902305056586

2056 senseless the Protected (level 9, -6/121 HPs)
             Began as a Minotaur Fighter on June 23, 2023.
             Was an Initiate of the Shining One.
             Mangled by Amaemon
             ... wielding a -2 demon whip of venom
              (7 damage)
             ... on level 8 of the Dungeon.
             The game lasted 00:14:03 (7104 turns).

senseless the Protected (Minotaur Fighter)          Turns: 7104, Time: 00:14:04

Health: -6/121     AC: 14    Str: 26    XL:     9   Next: 5%
Magic:  8/8        EV:  5    Int:  5    God:    the Shining One [......]
Gold:   385        SH:  5    Dex:  9    Spells: 8/8 levels left

rFire   . . .        a - +1 war axe
rCold   . . .        c - +0 buckler
rNeg    . . .        k - +0 chain mail
rPois   .            (helmet restricted)
rElec   .            (no cloak)
rCorr   .            p - +2 pair of gloves
SInv    .            (no boots)
Will    .....        (no amulet) Stlth
                     (no ring)
HPRegen 0.40/turn    (no ring)
MPRegen 0.11/turn

%: no passive effects
@: berserking, lethally poisoned (-6 -> -39), weakened, grasped by roots,
slowed, glowing, constricted
A: horns 2, retaliatory headbutt
a: Renounce Religion


You were on level 8 of the Dungeon.
You worshipped the Shining One.
The Shining One was noncommittal.
You visited 2 branches of the dungeon, and saw 8 of its levels.
You also visited: Sewer.

You collected 385 gold pieces.

Inventory:

Hand Weapons
 a - a +1 war axe (weapon)
Armour
 c - a +0 buckler (worn)
 k - a +0 chain mail (worn)
 p - a +2 pair of gloves (worn)
Jewellery
 l - a ring of fire
Wands
 o - a wand of quicksilver (8)
Scrolls
 e - a scroll of amnesia
 f - a scroll of teleportation
 g - a scroll of vulnerability
 m - a scroll of blinking
Potions
 b - 2 potions of enlightenment
 d - a potion of might
 h - a potion of lignification
 j - 2 potions of curing
 n - a potion of brilliance
 q - 2 potions of mutation
 r - 2 potions of cancellation
 s - a potion of resistance {unknown}
 t - 3 potions of degeneration {unknown}


   Skills:
 + Level 8.0 Fighting
 + Level 7.4 Axes
 + Level 8.0 Armour
 + Level 7.9 Shields


You had 8 spell levels left.
You didn't know any spells.
Your spell library contained the following spells:

 Spells                   Type           Power      Damage    Failure   Level
 Sandblast                Erth           0%         2d4       95%         1
 Passwall                 Tmut/Erth      0%         N/A       98%         2
 Inner Flame              Hex/Fire       0%         N/A       100%        3
 Portal Projectile        Hex/Tloc       0%         N/A       100%        3
 Stone Arrow              Conj/Erth      0%         3d7       100%        3
 Tukima's Dance           Hex            0%         N/A       100%        3
 Passage of Golubria      Tloc           0%         N/A       100%        4
 Blade Hands              Tmut           0%         N/A       100%        5
 Silence                  Hex/Air        0%         N/A       100%        5
 Yara's Violent Unravell  Hex/Tmut       0%         3d3       100%        5
 Enfeeble                 Hex            0%         N/A       100%        7
 Lehudib's Crystal Spear  Conj/Erth      0%         10d2      100%        8


Dungeon Overview and Level Annotations

Branches:
Dungeon (8/15)             Temple (1/1) D:7           Sewer (visited)
   Lair: D:8-11

Altars:
Ashenzari
Cheibriados
Dithmenos
Elyvilon
Fedhas
Gozag
Hepliaklqana
Kikubaaqudgha
Makhleb
Nemelex Xobeh
Okawaru
Qazlal
Ru
Sif Muna
Trog
Uskayaw
Vehumet
Wu Jian
Xom
Yredelemnul
Zin
The Shining One

Annotations:
D:6 2 transporters, Anon1729's ghost, novice MiMo
D:8 Amaemon


Innate Abilities, Weirdness & Mutations

You have a pair of horns on your head.
You reflexively headbutt those who attack you in melee.


Message History

A red film seems to cover your vision as you go berserk!
You feel yourself moving faster!
You feel mighty!
You feel extremely sick.
The orange demon stings you but does no damage.
The orange demon hits you.
You feel your attacks grow feeble.
Amaemon zaps a wand.
The roots erupt in riotous growth!
The grasping roots grab you!
The scorpion is unaffected.
Amaemon is unaffected.
The orange demon is unaffected.
The grasping roots constrict you!
* * * LOW HITPOINT WARNING * * *
The scorpion stings you but does no damage.
You block the orange demon's attack. The orange demon hits you.
* * * LOW HITPOINT WARNING * * *
You feel as though you will be weak longer.
Amaemon hits you with a -2 demon whip of venom.
* * * LOW HITPOINT WARNING * * *
You are lethally poisoned!
Amaemon claws you but does no damage. Amaemon tail-slaps you.
* * * LOW HITPOINT WARNING * * *
The grasping roots constrict you.
* * * LOW HITPOINT WARNING * * *
You hit Amaemon.
Amaemon is lightly wounded.
You hit the orange demon. You closely miss the scorpion.
You slash the scorpion!
* * * LOW HITPOINT WARNING * * *
You feel extremely sick. The scorpion barely misses you.
You furiously retaliate!
You headbutt the scorpion!
The scorpion stings you but does no damage.
The orange demon stings you.
* * * LOW HITPOINT WARNING * * *
You are more poisoned.
You have difficulty breathing.
* * * LOW HITPOINT WARNING * * *
You feel as though you will be slow longer.
The orange demon hits you but does no damage.
Amaemon hits you with a -2 demon whip of venom!
You die...

#.####.........#####.#
#....................#
#.####.........#####.#####
#.........#..........
#.####....................
#..............#.###.#####
#########.###### #.# #s#
#.# #@# #.#
#....5s64...... #.#
#######s....... ..#
#########


You could see Amaemon, an orange demon (curare), 3 scorpions and a shadow imp.

Vanquished Creatures
  A troll (D:6)
  3 water moccasins
  A sky beast (D:6)
  An orc warrior (D:7)
  2 black bears
  A centaur (D:5)
  A phantom (D:6)
  4 bullfrogs
  3 killer bees (D:7)
  4 orc priests
  2 hounds
  2 sleepcaps (D:6)
  6 orc wizards
  A gnoll (D:1)
  8 adders
  A shadow imp (D:7)
  An ufetubus (D:5)
  3 worms
  2 dart slugs
  28 orcs
  5 bats
  3 endoplasms (D:1)
  9 giant cockroaches
  8 goblins
  9 hobgoblins
  4 jackals (D:1)
  7 quokkas
  5 ball pythons
  8 frilled lizards (Sewer)
  3 kobolds
  5 rats
141 creatures vanquished.

Notes
Turn   | Place    | Note
-------+----------+-------------------------------------------
     0 | D:1      | senseless the Minotaur Fighter began the quest for the Orb.
     0 | D:1      | Reached XP level 1. HP: 19/19 MP: 0/0
   131 | D:1      | Reached XP level 2. HP: 27/27 MP: 1/1
   315 | D:1      | Reached XP level 3. HP: 23/33 MP: 2/2
   989 | D:2      | Found a faded altar of an unknown god.
  1900 | D:3      | Reached XP level 4. HP: 38/41 MP: 3/3
  2100 | D:3      | You fall into a shaft and drop 2 floors!
  2100 | D:5      | Entered Level 5 of the Dungeon
  2255 | D:5      | Identified the +4 short sword of Odwax {freeze, Int+5}
  2347 | D:5      | Reached XP level 5. HP: 22/47 MP: 4/4
  2378 | D:5      | Reached skill level 5 in Armour
  2543 | D:5      | Reached skill level 5 in Fighting
  2543 | D:5      | Reached skill level 5 in Shields
  2689 | D:5      | Noticed a centaur
  2699 | D:5      | Killed a centaur
  2700 | D:5      | Reached XP level 6. HP: 30/56 MP: 5/5
  2719 | D:5      | Found a glowing drain.
  2751 | Sewer    | Entered a sewer
  3522 | D:5      | Reached skill level 5 in Axes
  3522 | D:5      | Reached XP level 7. HP: 62/62 MP: 6/6
  4561 | D:6      | Reached XP level 8. HP: 41/71 MP: 7/7
  4784 | D:6      | Found a transporter.
  4788 | D:6      | Noticed Anon1729's ghost (novice MiMo)
  4837 | D:6      | Found a transporter.
  4878 | D:6      | Found a basalt altar of Yredelemnul.
  4878 | D:6      | Found a stormy altar of Qazlal.
  4889 | D:6      | Noticed a troll
  4898 | D:6      | Killed a troll
  5950 | D:7      | Found a staircase to the Ecumenical Temple.
  6004 | Temple   | Entered the Ecumenical Temple
  6438 | Temple   | Became a worshipper of the Shining One
  6507 | D:7      | Reached XP level 9. HP: 80/81 MP: 8/8
  7095 | D:8      | Noticed an orange demon
  7095 | D:8      | Noticed Amaemon
  7104 | D:8      | HP: 1/121 [asphyx]
  7104 | D:8      | Mangled by Amaemon

Illustrated notes

Levels and vault maps discovered:
D:1:      roderic_octagonal_star, layout_loops_cross, minivault_4,
          dreamdust_wishing_well
D:2:      layout_loops_corners, shapermc_ecumenical_altar_gd, minmay_ruptured
D:3:      layout_basic, minmay_goblin_kobold_house, uniq_robin
D:5:      layout_loops_corners, cheibrodos_sewer_entry_bend
D:6:      layout_basic, gammafunk_temple_overflow_wave,
          gammafunk_ghost_stat_death
D:7:      layout_layer_cave, minmay_temple_entry_gardened_gates
D:8:      layout_loops_ring, uniq_maurice, uniq_amaemon
Temple:   mainiacjoe_temple_big_plus

Skill      XL: |  1  2  3  4  5  6  7  8  9 |
---------------+----------------------------+-----
Fighting       | 4 5 6 7 8 |  8.0
Axes           | 3 4 5 7 |  7.4
Armour         | 4 5 6 8 |  8.0
Shields        | 4 5 6 7 |  7.9

Action                     |  1- 3 |  4- 6 |  7- 9 || total
---------------------------+-------+-------+-------++-------
  Melee: War axe           |    83 |    81 |   142 ||   306
         Headbutt          |    17 |    15 |    21 ||    53
         Short sword       |       |    41 |       ||    41
    Use: Scroll            |       |    10 |     7 ||    17
         Potion            |       |       |     1 ||     1
 Armour: Scale mail        |    44 |    85 |       ||   129
         Chain mail        |       |       |   111 ||   111
  Dodge: Dodged            |    32 |    64 |    78 ||   174
  Block: Buckler           |    17 |    28 |    50 ||    95

Table legend: (Time is in decaauts)
 A = Elapsed time spent in this place.
 B = Non-inter-level travel time spent in this place.
 C = Inter-level travel time spent in this place.
 D = Time resting spent in this place.
 E = Time spent auto-exploring this place.
 F = Levels seen in this place.
 G = Mean time per level.
                   A        B        C        D        E       F      G
               +--------+--------+--------+--------+--------+-----+--------+
         Total |   7288 |   6907 |    381 |     15 |   5843 |   9 |  809.8 |
       Dungeon |   6135 |   5826 |    309 |     15 |   4946 |   7 |  876.4 |
        Temple |    464 |    392 |     72 |      0 |    385 |   1 |  464.0 |
         Sewer |    689 |    689 |      0 |      0 |    512 |   1 |  689.0 |
               +--------+--------+--------+--------+--------+-----+--------+

Top non-repeatable levels by time:
     D:5: 1362 daAuts
     D:7: 1315 daAuts
     D:6: 1154 daAuts
     D:2: 851 daAuts
     D:1: 802 daAuts
   Sewer: 689 daAuts
     D:3: 481 daAuts
  Temple: 464 daAuts
     D:8: 167 daAuts
